NCAA
KANSAS STATE WILDCATS @ SETON HALL PIRATES
04/22/2030
 
TOP OF THE 1ST
Kansas State Wildcats batting - Pitching for Seton Hall Pirates : LHP Rory Black
Pitching: LHP Rory Black
Batting: RHB Tony Klein 0-0: Called Strike
0-1: Ball
1-1: SINGLE (Line Drive, 9S)
Batting: RHB Ben McKenzie 0-0: Called Strike
0-1: Ball
1-1: Grounds into double play, 4-6-3 (Groundball, 4)
Batting: RHB Fred Smith 0-0: Called Strike
0-1: Swinging Strike
0-2: Strikes out swinging
Top of the 1st over - 0 runs, 1 hit, 0 errors, 0 left on base; Kansas State 0 - Seton Hall 0
BOTTOM OF THE 1ST
Seton Hall Pirates batting - Pitching for Kansas State Wildcats : LHP Ken Noble
Pitching: LHP Ken Noble
Batting: RHB Ken Horn 0-0: Called Strike
0-1: Ball
1-1: Foul Ball, location: 2F
1-2: Foul Ball, location: 2F
1-2: Ball
2-2: SINGLE (Line Drive, 8LS)
Batting: LHB Turner Burns 0-0: Ball
1-0: Foul Ball, location: 2F
1-1: Ball
2-1: Ball
3-1: Foul Ball, location: 2F
3-2: 2-RUN HOME RUN (Line Drive, 8LD), Distance : 387 ft
Batting: RHB Joe Lord 0-0: Ball
1-0: Fly out, F9 (Line Drive, 9S)
Batting: LHB Vernon Riley 0-0: Ball
1-0: Foul Ball, location: 2F
1-1: Swinging Strike
1-2: Strikes out swinging
Batting: RHB Matt Hidalgo 0-0: Swinging Strike
0-1: Ball
1-1: Ball
2-1: Ball
3-1: Base on Balls
Batting: RHB Fernando Cuevas 0-0: Ball
1-0: Ball
2-0: Swinging Strike
2-1: Swinging Strike
2-2: Strikes out swinging
Bottom of the 1st over - 2 runs, 2 hits, 0 errors, 1 left on base; Kansas State 0 - Seton Hall 2
TOP OF THE 2ND
Kansas State Wildcats batting - Pitching for Seton Hall Pirates : LHP Rory Black
Batting: RHB Jeff Moore 0-0: SOLO HOME RUN (Flyball, 7D), Distance : 350 ft
Batting: RHB Enrique Navarro 0-0: Called Strike
0-1: Ball
1-1: Ball
2-1: Ball
3-1: Called Strike
3-2: Strikes out swinging
Batting: RHB Richard Mitchell 0-0: Ball
1-0: Called Strike
1-1: Fly out, F8 (Flyball, 8RD)
Batting: RHB Don Prince 0-0: Swinging Strike
0-1: Foul Ball, location: 2F
0-2: Strikes out looking
Top of the 2nd over - 1 run, 1 hit, 0 errors, 0 left on base; Kansas State 1 - Seton Hall 2
BOTTOM OF THE 2ND
Seton Hall Pirates batting - Pitching for Kansas State Wildcats : LHP Ken Noble
Batting: RHB Chris Rigney 0-0: Ball
1-0: Called Strike
1-1: Swinging Strike
1-2: Foul Ball, location: 2F
1-2: Strikes out swinging
Batting: RHB Jake Henshaw 0-0: Fly out, F9 (Flyball, 9S)
Batting: SHB Carlos Moreno 0-0: Ground out 6-3 (Groundball, 6S)
Bottom of the 2nd over - 0 runs, 0 hits, 0 errors, 0 left on base; Kansas State 1 - Seton Hall 2
TOP OF THE 3RD
Kansas State Wildcats batting - Pitching for Seton Hall Pirates : LHP Rory Black
Batting: LHB Tom Edwards 0-0: Foul Ball, location: 2F
0-1: Ball
1-1: Ground out 5-3 (Groundball, 5L)
Batting: RHB Mario Ramírez 0-0: Ball
1-0: Ball
2-0: Ball
3-0: Called Strike
3-1: Base on Balls
Batting: RHB Tony Klein 0-0: Ball
1-0: Ball
2-0: Ball
3-0: Base on Balls
Mario Ramírez to second
Batting: RHB Ben McKenzie 0-0: Ball
1-0: Foul Ball, location: 2F
1-1: Grounds into double play, 4-6-3 (Groundball, 4)
Top of the 3rd over - 0 runs, 0 hits, 0 errors, 1 left on base; Kansas State 1 - Seton Hall 2
BOTTOM OF THE 3RD
Seton Hall Pirates batting - Pitching for Kansas State Wildcats : LHP Ken Noble
Batting: RHB Ken Horn 0-0: Ball
1-0: Called Strike
1-1: Swinging Strike
1-2: Strikes out swinging
Batting: LHB Turner Burns 0-0: Ball
1-0: Swinging Strike
1-1: Ground out 4-3 (Groundball, 4)
Batting: RHB Joe Lord 0-0: Ball
1-0: Ball
2-0: Called Strike
2-1: Ball
3-1: Base on Balls
Batting: LHB Vernon Riley 0-0: Ball
1-0: Called Strike
1-1: Ball
2-1: Ball
3-1: Fly out, F8 (Flyball, 8RS)
Bottom of the 3rd over - 0 runs, 0 hits, 0 errors, 1 left on base; Kansas State 1 - Seton Hall 2
TOP OF THE 4TH
Kansas State Wildcats batting - Pitching for Seton Hall Pirates : LHP Rory Black
Batting: RHB Fred Smith 0-0: Ball
1-0: Ball
2-0: Foul Ball, location: 2F
2-1: Foul Ball, location: 2F
2-2: SINGLE (Flyball, 7S)
Batting: RHB Jeff Moore 0-0: Called Strike
0-1: Ball
1-1: Reached on error, E4 (Groundball, 34)
Fred Smith to second
Batting: RHB Enrique Navarro 0-0: Ball
1-0: Ball
2-0: Called Strike
2-1: Foul Ball, location: 2F
2-2: Fly out, F9 (Flyball, 9S)
Batting: RHB Richard Mitchell 0-0: Fly out, F8 (Flyball, 8LM)
Batting: RHB Don Prince 0-0: Foul Ball, location: 2F
0-1: Called Strike
0-2: Strikes out swinging
Top of the 4th over - 0 runs, 1 hit, 1 error, 2 left on base; Kansas State 1 - Seton Hall 2
BOTTOM OF THE 4TH
Seton Hall Pirates batting - Pitching for Kansas State Wildcats : LHP Ken Noble
Batting: RHB Matt Hidalgo 0-0: Called Strike
0-1: Fly out, F7 (Flyball, 7D)
Batting: RHB Fernando Cuevas 0-0: Called Strike
0-1: Foul Ball, location: 2F
0-2: Strikes out looking
Batting: RHB Chris Rigney 0-0: Called Strike
0-1: Ball
1-1: Ball
Error on foul ball, E2
2-2: Strikes out swinging
Bottom of the 4th over - 0 runs, 0 hits, 1 error, 0 left on base; Kansas State 1 - Seton Hall 2
TOP OF THE 5TH
Kansas State Wildcats batting - Pitching for Seton Hall Pirates : LHP Rory Black
Batting: LHB Tom Edwards 0-0: Ball
1-0: SINGLE (Groundball, 34S) (infield hit)
Batting: RHB Mario Ramírez 0-0: Called Strike
0-1: Called Strike
0-2: Ball
1-2: Grounds into double play, 6-4-3 (Groundball, 6)
Batting: RHB Tony Klein 0-0: Ball
1-0: Ball
2-0: Fly out, F8 (Line Drive, 8LD)
Top of the 5th over - 0 runs, 1 hit, 0 errors, 0 left on base; Kansas State 1 - Seton Hall 2
BOTTOM OF THE 5TH
Seton Hall Pirates batting - Pitching for Kansas State Wildcats : LHP Ken Noble
Batting: RHB Jake Henshaw 0-0: Foul Ball, location: 2F
0-1: Ball
1-1: Ball
2-1: Ball
3-1: Base on Balls
Batting: SHB Carlos Moreno 0-0: Fly out, F1 (Popup, P)
Batting: RHB Ken Horn 0-0: Ball
1-0: Called Strike
1-1: Called Strike
1-2: Strikes out swinging
Batting: LHB Turner Burns 0-0: Ball
1-0: Called Strike
1-1: Foul Ball, location: 2F
1-2: Ball
2-2: Ground out 5-3 (Groundball, 56)
Bottom of the 5th over - 0 runs, 0 hits, 0 errors, 1 left on base; Kansas State 1 - Seton Hall 2
TOP OF THE 6TH
Kansas State Wildcats batting - Pitching for Seton Hall Pirates : LHP Rory Black
Batting: RHB Ben McKenzie 0-0: Called Strike
0-1: Ball
1-1: Called Strike
1-2: SINGLE (Groundball, 56D)
Batting: RHB Fred Smith 0-0: Called Strike
0-1: Swinging Strike
0-2: Strikes out swinging
Batting: RHB Jeff Moore 0-0: Ball
1-0: Foul Ball, location: 2F
1-1: Foul Ball, location: 2F
1-2: Fly out, F6 (Popup, 6)
Batting: RHB Enrique Navarro 0-0: Ball
1-0: Foul Ball, location: 2F
1-1: Ball
2-1: Swinging Strike
2-2: Foul Ball, location: 2F
2-2: Strikes out swinging
Top of the 6th over - 0 runs, 1 hit, 0 errors, 1 left on base; Kansas State 1 - Seton Hall 2
BOTTOM OF THE 6TH
Seton Hall Pirates batting - Pitching for Kansas State Wildcats : LHP Ken Noble
Batting: RHB Joe Lord 0-0: Ground out 4-3 (Groundball, 4)
Batting: LHB Vernon Riley 0-0: Ball
1-0: Called Strike
1-1: Reached on error, E6 (Groundball, 6)
Pitching: RHP Manny López
Batting: RHB Matt Hidalgo 0-0: Called Strike
0-1: Swinging Strike
0-2: Ground out 4-3 (Groundball, 34)
Vernon Riley to second
Batting: RHB Fernando Cuevas 0-0: DOUBLE (Flyball, 89D)
Vernon Riley scores
Batting: RHB Chris Rigney 0-0: Ball
1-0: Ball
2-0: Ball
3-0: Called Strike
3-1: Swinging Strike
3-2: Base on Balls
Batting: RHB Jake Henshaw 0-0: Swinging Strike
0-1: Swinging Strike
0-2: Strikes out looking
Bottom of the 6th over - 1 run, 1 hit, 1 error, 2 left on base; Kansas State 1 - Seton Hall 3
TOP OF THE 7TH
Kansas State Wildcats batting - Pitching for Seton Hall Pirates : LHP Rory Black
Pitching: LHP Keith Case
Batting: RHB Richard Mitchell 0-0: Ball
1-0: Ground out 4-3 (Groundball, 4)
Batting: RHB Don Prince 0-0: Ball
1-0: Ball
2-0: Foul Ball, location: 2F
2-1: Foul Ball, location: 2F
2-2: Hit by Pitch
Batting: LHB Tom Edwards 0-0: Ball
1-0: Fly out, F6 (Popup, 6D)
Batting: RHB Mario Ramírez 0-0: Swinging Strike
0-1: Swinging Strike
0-2: Strikes out looking
Top of the 7th over - 0 runs, 0 hits, 0 errors, 1 left on base; Kansas State 1 - Seton Hall 3
BOTTOM OF THE 7TH
Seton Hall Pirates batting - Pitching for Kansas State Wildcats : RHP Manny López
Batting: SHB Carlos Moreno 0-0: SINGLE (Flyball, 78M)
Batting: RHB Ken Horn 0-0: Ball
1-0: Fly out, F9 (Flyball, 89M)
Batting: LHB Turner Burns 0-0: Ball
1-0: Called Strike
1-1: Swinging Strike
1-2: Ball
2-2: SINGLE (Groundball, 4) (infield hit)
Carlos Moreno to second
Batting: RHB Joe Lord 0-0: Called Strike
0-1: Called Strike
0-2: Strikes out looking
Batting: LHB Vernon Riley 0-0: Ball
1-0: Fly out, F9 (Line Drive, 9)
Bottom of the 7th over - 0 runs, 2 hits, 0 errors, 2 left on base; Kansas State 1 - Seton Hall 3
TOP OF THE 8TH
Kansas State Wildcats batting - Pitching for Seton Hall Pirates : LHP Keith Case
Batting: RHB Tony Klein 0-0: Ball
1-0: Ball
2-0: Foul Ball, location: 2F
2-1: Swinging Strike
2-2: Fly out, F9 (Flyball, 9)
Batting: RHB Ben McKenzie 0-0: Ground out 6-3 (Groundball, 6)
Batting: RHB Fred Smith 0-0: Ball
1-0: Ball
2-0: Swinging Strike
2-1: Ground out 6-3 (Groundball, 6)
Top of the 8th over - 0 runs, 0 hits, 0 errors, 0 left on base; Kansas State 1 - Seton Hall 3
BOTTOM OF THE 8TH
Seton Hall Pirates batting - Pitching for Kansas State Wildcats : RHP Manny López
Batting: RHB Matt Hidalgo 0-0: Fly out, F9 (Flyball, 9S)
Batting: RHB Fernando Cuevas 0-0: Ball
1-0: Ball
2-0: Ball
3-0: Base on Balls
Batting: RHB Chris Rigney 0-0: Called Strike
0-1: Swinging Strike
0-2: Ball
1-2: Ball
2-2: Strikes out swinging
Batting: RHB Jake Henshaw 0-0: Called Strike
0-1: Ball
1-1: Fielders Choice at 2nd, 6-4 (Groundball, 6)
Bottom of the 8th over - 0 runs, 0 hits, 0 errors, 1 left on base; Kansas State 1 - Seton Hall 3
TOP OF THE 9TH
Kansas State Wildcats batting - Pitching for Seton Hall Pirates : LHP Keith Case
Batting: RHB Jeff Moore 0-0: Ball
1-0: Foul Ball, location: 2F
1-1: Ball
2-1: Called Strike
2-2: SINGLE (Flyball, 8RS) - OUT at second base trying to stretch hit.
Batting: RHB Enrique Navarro 0-0: Swinging Strike
0-1: Hit by Pitch
Pinch Hitting: RHB Jody Stewart 0-0: Grounds into double play, 6-4-3 (Groundball, 6)
Top of the 9th over - 0 runs, 1 hit, 0 errors, 0 left on base; Kansas State 1 - Seton Hall 3
Saturday, April 7th, 2018 - OOTP Baseball 18.8 Build 76